 Dungeon Crawl Stone Soup version 0.30-a0-845-g7c6808c8ce (webtiles) character file.

Game seed: 18391435800255066397

119 Duck the Trooper (level 5, -9/85 HPs)
             Began as an Ogre Berserker on Mar 2, 2023.
             Was a Follower of Trog.
             Killed by divine providence
             ... invoked by an orc priest
              (12 damage)
             ... on level 3 of the Dungeon.
             The game lasted 00:04:22 (1733 turns).

Duck the Trooper (Ogre Berserker)                   Turns: 1733, Time: 00:04:23

Health: -9/85      AC:  3    Str: 21    XL:     5   Next: 3%
Magic:  5/5        EV: 10    Int:  8    God:    Trog [*.....]
Gold:   105        SH:  0    Dex: 10    Spells: 4/4 levels left

rFire   . . .      SeeInvis .    a - +0 hand axe
rCold   . . .      Faith    .    (no shield)
rNeg    . . .      Spirit   .    b - +0 animal skin
rPois   .          Reflect  .    (helmet restricted)
rElec   .          Rampage  .    (no cloak)
rCorr   .          Rage     3%   (gloves unavailable)
Will    .....                    (boots unavailable) Stlth
                                 (no amulet)
HPRegen 0.34/turn                (no ring)
MPRegen 0.09/turn                (no ring)

@: berserking (expiring), very quick
A: large, unfitting armour, tough skin 1, berserk 1, screaming 1
a: Renounce Religion, Berserk


You were on level 3 of the Dungeon.
You worshipped Trog.
Trog was aware of your devotion.
You visited 1 branch of the dungeon, and saw 3 of its levels.

You collected 105 gold pieces.

Inventory:

Hand Weapons
 a - a +0 hand axe (weapon)
Armour
 b - a +0 animal skin (worn)
Scrolls
 c - 2 scrolls of identify
 d - a scroll of teleportation {unknown}
Potions
 e - 2 potions of curing
 f - a potion of flight


   Skills:
 + Level 5.0 Fighting
 * Level 4.4 Axes
 + Level 3.4 Dodging


You had 4 spell levels left.
You didn't know any spells.
Your spell library was empty.

Dungeon Overview and Level Annotations

Branches:
Dungeon (3/15)

Altars:


Innate Abilities, Weirdness & Mutations

You are too large for most types of armour.
You have tough skin. (AC +1)
You sometimes lose your temper in combat.
You occasionally shout uncontrollably at your foes.


Message History

A goblin is nearby!
The goblin shouts!
You hear a shout!
An orc priest comes into view. It is wielding a +0 hand axe.
Items here: ) [ ††.
You closely miss the goblin. The goblin closely misses you.
You miss the goblin. The goblin hits you with a +0 club.
You hit the goblin but do no damage. The goblin closely misses you.
You barely miss the goblin. The goblin hits you with a +0 club.
You miss the goblin. The goblin hits you with a +0 club.
A red film seems to cover your vision as you go berserk!
You feel yourself moving faster!
You feel mighty! The goblin barely misses you.
You miss the goblin. The goblin hits you with a +0 club.
The orc priest calls down the wrath of Beogh upon you.
Beogh smites you!
You hit the goblin.
The goblin is severely wounded.
The orc priest calls down the wrath of Beogh upon you.
Pain shoots through your body!
* * * LOW HITPOINT WARNING * * *
The goblin hits you with a +0 club.
* * * LOW HITPOINT WARNING * * *
You barely miss the goblin.
The goblin is severely wounded.
The orc priest calls down the wrath of Beogh upon you.
Pain shoots through your body!
* * * LOW HITPOINT WARNING * * *
The goblin hits you with a +0 club.
* * * LOW HITPOINT WARNING * * *
You barely miss the goblin.
The goblin is severely wounded.
You feel a strong urge to attack something.
You slash the goblin!
You kill the goblin!
Trog accepts your kill.
The orc priest looks satisfied for a moment.
There is a stone staircase leading up here.
You feel a strong urge to attack something.
The orc priest mumbles some strange prayers to Beogh against you.
Beogh smites you!
You die...

#..........#
##..##.....#
#.#.....†...#
#...†...####
.....##...########
.... ##o.)).....#
... #..#).....# .
..###..)...(..#
.........@.....#
####.....#######
#.....# #######


You could see an orc priest.

Vanquished Creatures
  An orc priest (D:3)
  Terence (D:2)
  2 gnolls (D:1)
  A dart slug (D:1)
  2 orcs (D:3)
  4 endoplasms
  3 giant cockroaches (D:1)
  2 goblins
  A hobgoblin (D:1)
  5 kobolds
  4 quokkas
  2 ball pythons
  2 bats
  4 frilled lizards
  8 rats
42 creatures vanquished.

Notes
Turn   | Place    | Note
-------+----------+-------------------------------------------
     0 | D:1      | Duck the Ogre Berserker began the quest for the Orb.
     0 | D:1      | Reached XP level 1. HP: 24/24 MP: 1/1
   102 | D:1      | Reached XP level 2. HP: 32/32 MP: 2/2
   348 | D:1      | Reached XP level 3. HP: 26/40 MP: 3/3
   789 | D:1      | Gained mutation: You occasionally shout uncontrollably at
                  | your foes. [potion of mutation]
   789 | D:1      | Gained mutation: You sometimes lose your temper in combat.
                  | [potion of mutation]
  1174 | D:2      | Noticed Terence
  1183 | D:2      | Killed Terence
  1184 | D:2      | Reached XP level 4. HP: 21/49 MP: 4/4
  1714 | D:3      | Reached skill level 5 in Fighting
  1714 | D:3      | Reached XP level 5. HP: 30/57 MP: 5/5
  1727 | D:3      | HP: 2/85 [orc priest/nerve-wracking pain (12)]
  1733 | D:3      | Killed from afar by an orc priest

Illustrated notes

Levels and vault maps discovered:
D:1:      giann_wishing_wells, layout_rooms, chequers_jeans
D:2:      minmay_skewed_foursquare, layout_loops_ring, minmay_misc_feat_roman,
          uniq_terence
D:3:      layout_rooms, hangedman_decor_clover_reticule, minmay_bisected,
          uniq_natasha

Skill      XL: |  1  2  3  4 |
---------------+-------------+-----
Dodging        | 3 |  3.4
Axes           | 4 |  4.4
Fighting       | 5 |  5.0

Action                     |  1- 3 |  4- 6 || total
---------------------------+-------+-------++-------
  Melee: Hand axe          |    84 |    43 ||   127
         Punch             |     1 |       ||     1
 Invoke: Berserk           |     2 |     1 ||     3
    Use: Scroll            |     4 |       ||     4
         Potion            |     2 |       ||     2
 Armour: Animal skin       |    23 |     5 ||    28
  Dodge: Dodged            |    45 |    24 ||    69

Table legend: (Time is in decaauts)
 A = Elapsed time spent in this place.
 B = Non-inter-level travel time spent in this place.
 C = Inter-level travel time spent in this place.
 D = Time resting spent in this place.
 E = Time spent auto-exploring this place.
 F = Levels seen in this place.
 G = Mean time per level.
                   A        B        C        D        E       F      G
               +--------+--------+--------+--------+--------+-----+--------+
         Total |   1803 |   1783 |     20 |    470 |    994 |   3 |  601.0 |
       Dungeon |   1803 |   1783 |     20 |    470 |    994 |   3 |  601.0 |
               +--------+--------+--------+--------+--------+-----+--------+

Top non-repeatable levels by time:
     D:1: 825 daAuts
     D:2: 821 daAuts
     D:3: 157 daAuts
